 Dungeon Sprint DCSS version bcrawl-1.17.3 (webtiles) character file.

Game seed: 17125466166851977594

285404 esc the Unseen (level 13, 73/73 (75) HPs)
             Began as a Spriggan Enchanter on Oct 25, 2019.
             Was the Champion of Dithmenos.
             Escaped with the Orb!
             The game lasted 00:37:27 (4580 turns).

esc the Unseen (Spriggan Enchanter)                 Turns: 4580, Time: 00:37:28

HP:   73/73 (75)    AC:  5    Str:  4    XL:     13   Next: 25%
MP:   22/34         EV: 36    Int: 20    God:    Dithmenos [******]
Gold: 943           SH: 11    Dex: 23    Spells: 16/45 levels left

rFire    + . .     SeeInvis +   c - +3 dagger (elec)
rCold    + + .     Gourm    .   r - +2 buckler
rNeg     + . .     Faith    .   D - +2 robe {rC+}
rPois    +         Spirit   .   t - -2 hat of the Alchemist {rElec rPois rF+ rC+ rN+ MR+ rMut rCorr}
rElec    +         Reflect  .   u - +2 cloak {MR+}
rCorr    +         Harm     .   (gloves unavailable)
rMut     +         NoTele   +   (boots unavailable)
MR       ++++.                  w - amulet of regeneration
Stlth    +++++.....             v - +5 ring of dexterity
HPRegen  0.62/turn              x - ring of wizardry
MPRegen  0.24/turn

@: very slightly contaminated, hasted, wreathed by umbra, invisible, very quick
A: very small, unfitting armour, see invisible, herbivore, speed 3, slow
metabolism 2
0: Orb of Zot
a: Shadow Step, Shadow Form, Renounce Religion


You escaped.
You worshipped Dithmenos.
Dithmenos was exalted by your worship.
You were not hungry.

You visited 1 branch You collected 5545 gold pieces.
You spent 4602 gold pieces at shops.

Inventory:

Hand Weapons
 c - a +3 dagger of electrocution (weapon)
 l - a +0 hunting sling
 n - a +0 blowgun
Missiles
 m - 235 sling bullets
 o - 3 curare-tipped needles
Armour
 r - a +2 buckler (worn)
 t - the -2 hat of the Alchemist (worn) {rElec rPois rF+ rC+ rN+ MR+ rMut rCorr}
   (You bought it in a shop in the Dungeon)

   It protects you from fire.
   It protects you from cold.
   It insulates you from electricity.
   It protects you from poison.
   It protects you from negative energy.
   It affects your resistance to hostile enchantments.
   It provides partial protection from all sources of acid and corrosion.
   It protects you from mutation.
 u - a +2 cloak of magic resistance (worn)
 D - a +2 robe of cold resistance (worn)
Jewellery
 v - a +5 ring of dexterity (left hand)
 w - an amulet of regeneration (around neck)
 x - a ring of wizardry (right hand)
Wands
 y - a wand of clouds (4)
Scrolls
 d - a scroll of fog
 k - 2 scrolls of blinking
 q - a scroll of magic mapping
 B - a scroll of remove curse
Potions
 a - 2 potions of degeneration
 e - 3 potions of curing
 g - a potion of heal wounds
 i - 4 potions of magic
 j - a potion of berserk rage
 p - 2 potions of agility
 s - 2 potions of lignification
 z - 2 potions of brilliance
 A - a potion of flight
 C - a potion of might
Comestibles
 f - 3 rations {!d}


   Skills:
 + Level 12.1 Fighting
 + Level 15.3 Short Blades
 + Level 18.1 Dodging
 + Level 19.4 Stealth
 + Level 7.0 Shields
 + Level 16.6 Spellcasting
 + Level 16.5 Hexes
 + Level 9.7 Invocations


You had 16 spell levels left.
You knew the following spells:

 Your Spells              Type           Power        Failure   Level  Hunger
a - Corona                Hex            ######.      0%          1    None
b - Ensorcelled Hibernat  Hex/Ice        #####.       1%          2    None
c - Confuse               Hex            ######..     0%          3    None
d - Dazzling Spray        Conj/Hex       #####.       1%          3    None
e - Yara's Violent Unrav  Hex/Tmut       #####.....   1%          4    None
f - Petrify               Tmut/Erth      ###.....     14%         4    None
g - Invisibility          Hex            ######..     1%          6    #####..
h - Swiftness             Chrm/Air       ###.....     2%          2    None
i - Passwall              Tmut/Erth      ###.....     2%          2    None
j - Blink                 Tloc           N/A          2%          2    None

Your spell library contained the following spells:

 Spells                   Type           Power        Failure   Level  Hunger
 Tukima's Dance           Hex            ######..     0%          3    None
 Blink Other              Tloc           ###...       1%          1    None
 Metabolic Englaciation   Hex/Ice        #####.....   1%          5    ###....
 Darkness                 Hex            ######....   1%          6    #####..
 Portal Projectile        Tloc           ###...       4%          3    None
 Teleport Other           Tloc           ###.....     4%          3    None
 Lee's Rapid Deconstruct  Erth           ###.......   36%         5    ###....
 Mana Rupture             Conj/Hex       #####.....   36%         7    ######.
 Passage of Golubria      Tloc           Unusable     N/A         5    N/A

Dungeon Overview and Level Annotations

Branches:
Dungeon (1/1)

Altars:
Cheibriados
Dithmenos
Elyvilon
Fedhas
Gozag
Hepliaklqana
Kikubaaqudgha
Lugonu
Makhleb
Nemelex Xobeh
Okawaru
Qazlal
Ru
Sif Muna
Trog
Uskayaw
Vehumet
Wu Jian
Xom
Yredelemnul
Zin
The Shining One
Jiyva

Shops:
D %:(:!(=[=[**?:?*}[([}

Annotations:
D Tiamat


Innate Abilities, Weirdness & Mutations

You are very small and have problems with some larger weapons.
You are too small for most types of armour.
You have supernaturally acute eyesight. (SInv)
You are a herbivore.
You cover ground extremely quickly.
You need to consume almost no food.


Message History

Press: ? - help, Shift-Dir - straight line, f - you You fade into invisibility!
You are very lightly contaminated with residual magic.
The daeva shouts!
There is an open door here.
There is an open door, spattered with blood here.
There is an open door here.
There is an open door, spattered with blood here.
HP restored.
Things that are here:
a +0 dagger; a +0 robe
There is an open door here.
There is an open door here.
There is an open door here.
There is an open door here.
There is an open door, spattered with blood here.
There is an open door here.
There is an open door here.
There is a staircase leading out of the dungeon here.
You have escaped!

##################
#@.#.)'..#.)'..#__
#..'..#.)'..#..'..
#..#####'#####'#__
#..####..#...#(###
#..#__####..##(#§§
#..#_____##'#_§§≈§
#⌠⌠#_.∩...'..._#≈§
####_..__##_.#§##§
#_____###'#(#.§


There were no monsters in sight!

Vanquished Creatures
  the Lernaean hydra (D)
  A deep elf master archer (D)
  4 fire giants (D)
  A lorocyproca (D)
  A deep elf annihilator (D)
  A mummy priest (D)
  A hydra (D)
  2 centaur warriors (D)
  Sonja (D)
  A sixfirhy (D)
  A deep troll (D)
  7 unseen horrors (D)
  A lindwurm (D)
  2 oklob plants (D)
  8 shining eyes (D)
  A merfolk siren (D)
  A gargoyle (D)
  2 kobold demonologists (D)
  4 demonic crawlers (D)
  A hellwing (D)
  A slime creature (D)
  5 hornets (D)
  2 redbacks (D)
  Sigmund (D)
  A yak (D)
  12 hogs (D)
  7 floating eyes (D)
  7 necrophages (D)
  An ogre (D)
  8 jellies (D)
  Ijyb (D)
  2 ballistomycetes (D)
  A ballistomycete spore (D)
91 creatures vanquished.

Vanquished Creatures (others)
  A merfolk siren (D)
  A gargoyle (D)
  A hog (D)
  A ballistomycete spore (D)
4 creatures vanquished.

Grand Total: 95 creatures vanquished

Notes
Turn   | Place    | Note
-------+----------+-------------------------------------------
     0 | D        | esc the Spriggan Enchanter began the quest for the Orb.
     0 | D        | Reached XP level 1. HP: 9/9 MP: 5/5
     1 | D        | Noticed Ijyb
    22 | D        | Killed Ijyb
    22 | D        | Reached skill level 5 in Hexes
    22 | D        | Reached XP level 2. HP: 4/16 MP: 5/8
    52 | D        | Learned a level 2 spell: Ensorcelled Hibernation
   252 | D        | Noticed an ogre
   255 | D        | Killed an ogre
   255 | D        | Reached XP level 3. HP: 21/21 MP: 9/12
   255 | D        | Reached XP level 4. HP: 25/25 MP: 9/13
   260 | D        | Learned a level 3 spell: Confuse
   264 | D        | Learned a level 3 spell: Dazzling Spray
   288 | D        | Noticed Sigmund
   294 | D        | Killed Sigmund
   294 | D        | Reached skill level 5 in Fighting
   294 | D        | Reached skill level 5 in Dodging
   294 | D        | Reached skill level 7 in Stealth
   294 | D        | Reached XP level 5. HP: 30/30 MP: 10/16
   336 | D        | Found an ornate altar of the Wu Jian Council.
   336 | D        | Found a shimmering blue altar of Sif Muna.
   338 | D        | Found a radiant altar of Vehumet.
   342 | D        | Reached XP level 6. HP: 35/35 MP: 18/18
   362 | D        | Found Inevvoce's Book Emporium.
   362 | D        | Found an ancient bone altar of Kikubaaqudgha.
   362 | D        | Found a hazy altar of Hepliaklqana.
   362 | D        | Found a stormy altar of Qazlal.
   362 | D        | Found a hide-covered altar of Uskayaw.
   362 | D        | Found a blossoming altar of Fedhas.
   362 | D        | Found a bloodstained altar of Trog.
   362 | D        | Found an iron altar of Okawaru.
   362 | D        | Found a basalt altar of Yredelemnul.
   362 | D        | Found a glowing golden altar of the Shining One.
   362 | D        | Found a snail-covered altar of Cheibriados.
   362 | D        | Found a sacrificial altar of Ru.
   362 | D        | Found a glowing silver altar of Zin.
   362 | D        | Found a shadowy altar of Dithmenos.
   362 | D        | Found a white marble altar of Elyvilon.
   362 | D        | Noticed a yak
   363 | D        | Found an opulent altar of Gozag.
   364 | D        | Killed a yak
   364 | D        | Reached skill level 5 in Short Blades
   364 | D        | Reached skill level 8 in Stealth
   365 | D        | Found a sparkling altar of Nemelex Xobeh.
   371 | D        | Became a worshipper of Dithmenos the Shadowed
   384 | D        | Found a viscous altar of Jiyva.
   384 | D        | Found a corrupted altar of Lugonu.
   384 | D        | Noticed a slime creature
   385 | D        | Found a burning altar of Makhleb.
   385 | D        | Found a shimmering altar of Xom.
   390 | D        | Killed a slime creature
   390 | D        | Reached skill level 9 in Stealth
   390 | D        | Reached XP level 7. HP: 32/40 MP: 13/20
   458 | D        | Noticed a kobold demonologist
   459 | D        | Noticed a kobold demonologist
   462 | D        | Noticed an orange demon
   464 | D        | Noticed a chaos spawn
   466 | D        | Noticed a rust devil
   470 | D        | Killed a kobold demonologist
   470 | D        | Reached * piety under Dithmenos
   470 | D        | Reached skill level 10 in Stealth
   470 | D        | Reached skill level 10 in Spellcasting
   470 | D        | Reached skill level 10 in Hexes
   474 | D        | Killed a kobold demonologist
   474 | D        | Reached skill level 11 in Stealth
   474 | D        | Reached XP level 8. HP: 32/46 MP: 11/23
   539 | D        | Killed a gargoyle
   580 | D        | Noticed Sonja
   586 | D        | Killed Sonja
   586 | D        | Reached skill level 10 in Dodging
   688 | D        | Noticed a deep troll
   692 | D        | Killed a deep troll
   692 | D        | Reached ** piety under Dithmenos
   692 | D        | Reached skill level 12 in Stealth
   692 | D        | Reached XP level 9. HP: 51/51 MP: 22/25
   703 | D        | Found Ibraexat's Armour Emporium.
   708 | D        | Bought a +2 hat for 224 gold pieces
   729 | D        | Noticed a centaur warrior
   729 | D        | Noticed a centaur warrior
   763 | D        | Killed a centaur warrior
   763 | D        | Reached skill level 10 in Short Blades
   763 | D        | Reached skill level 13 in Stealth
   766 | D        | Killed a centaur warrior
   823 | D        | Noticed an oklob plant
   825 | D        | Killed an oklob plant
   825 | D        | Reached *** piety under Dithmenos
   825 | D        | Reached skill level 14 in Stealth
   825 | D        | Reached XP level 10. HP: 58/58 MP: 27/27
   851 | D        | Noticed an unseen horror
   851 | D        | Noticed an unseen horror
   857 | D        | Killed an unseen horror
   862 | D        | Killed an unseen horror
   862 | D        | Reached **** piety under Dithmenos
   939 | D        | Your ally esc died
   944 | D        | Reached ***** piety under Dithmenos
   946 | D        | Reached skill level 1 in Invocations
   980 | D        | Reached skill level 15 in Stealth
  1134 | D        | Found Hixt's Antique Armour Shoppe.
  1135 | D        | Found Waohososch's Jewellery Boutique.
  1337 | D        | Found Puoli's Jewellery Shop.
  1339 | D        | Found Mulokat's Armour Emporium.
  1339 | D        | Found Umuna's General Store.
  1339 | D        | Found Doenuuppib's Assorted Antiques.
  1339 | D        | Found Coettasu's Magic Scroll Boutique.
  1339 | D        | Found Vaod's Book Emporium.
  1339 | D        | Found Riefajopp's Magic Scroll Shop.
  1339 | D        | Found Iqiemext's General Store.
  1345 | D        | Found Yhaclaot's Gadget Boutique.
  1346 | D        | Found Fuetiom's Weapon Emporium.
  1346 | D        | Found Ifavotist's Armour Boutique.
  1347 | D        | Found Urotutimp's Gadget Emporium.
  1371 | D        | Bought the -2 hat of the Alchemist {rElec rPois rF+ rC+ rN+
                  | MR+ rMut rCorr} for 613 gold pieces
  1371 | D        | Found the -2 hat of the Alchemist {rElec rPois rF+ rC+ rN+
                  | MR+ rMut rCorr}
  1390 | D        | Bought a +0 buckler for 49 gold pieces
  1390 | D        | Bought a +2 cloak of magic resistance for 236 gold pieces
  1413 | D        | Bought a +5 ring of dexterity for 576 gold pieces
  1420 | D        | Bought a scroll of identify for 22 gold pieces
  1420 | D        | Bought a scroll of blinking for 82 gold pieces
  1420 | D        | Bought a scroll of identify for 22 gold pieces
  1420 | D        | Bought a scroll of identify for 22 gold pieces
  1469 | D        | Reached ****** piety under Dithmenos
  1478 | D        | Reached skill level 1 in Shields
  1596 | D        | Noticed a lindwurm
  1599 | D        | Killed a lindwurm
  1599 | D        | Reached XP level 11. HP: 61/61 MP: 29/29
  1657 | D        | Bought an uncursed amulet of regeneration for 300 gold
                  | pieces
  1733 | D        | Noticed a lorocyproca
  1738 | D        | Killed a lorocyproca
  1738 | D        | Reached skill level 10 in Fighting
  1935 | D        | Reached skill level 16 in Stealth
  1945 | D        | Reached skill level 15 in Dodging
  2231 | D        | Noticed a 12-headed hydra
  2233 | D        | Killed a 12-headed hydra
  2233 | D        | Reached skill level 5 in Invocations
  2344 | D        | Bought a book of Misfortune for 260 gold pieces
  2349 | D        | Learned a level 4 spell: Yara's Violent Unravelling
  2354 | D        | Learned a level 4 spell: Petrify
  2396 | D        | Bought an uncursed ring of wizardry for 300 gold pieces
  2401 | D        | Bought a golden potion for 15 gold pieces
  2401 | D        | Bought a black potion for 15 gold pieces
  2443 | D        | Found Maysim's Food Boutique.
  2457 | D        | Noticed a shining eye
  2457 | D        | Noticed a shining eye
  2457 | D        | Noticed a shining eye
  2462 | D        | Noticed a shining eye
  2462 | D        | Noticed a shining eye
  2462 | D        | Noticed a shining eye
  2462 | D        | Noticed a shining eye
  2462 | D        | Noticed a shining eye
  2468 | D        | Killed a shining eye
  2468 | D        | Your ally esc died
  2469 | D        | Killed a shining eye
  2471 | D        | Killed a shining eye
  2473 | D        | Lost strength.
  2474 | D        | Your ally esc died
  2494 | D        | Killed a shining eye
  2500 | D        | Killed a shining eye
  2505 | D        | Killed a shining eye
  2505 | D        | Reached skill level 17 in Stealth
  2511 | D        | Killed a shining eye
  2517 | D        | Killed a shining eye
  2519 | D        | Found Holl's Distillery.
  2519 | D        | Found Weasuck's Antique Weapon Boutique.
  2520 | D        | Found Hiowiasch's Book Shoppe.
  2520 | D        | Found Neus's Antique Weapon Emporium.
  2532 | D        | Bought a scorched rapier for 180 gold pieces
  2532 | D        | Identified the cursed +0 rapier "Copokk" {freeze, rElec rF-
                  | Stlth+} (You bought it in a shop in the Dungeon)
  2536 | D        | Bought a potion of haste for 140 gold pieces
  2536 | D        | Bought 2 potions of magic for 224 gold pieces
  2536 | D        | Bought a potion of agility for 56 gold pieces
  2668 | D        | Noticed a daeva
  2672 | D        | Noticed an unseen horror
  2672 | D        | Noticed an unseen horror
  2672 | D        | Noticed an unseen horror
  2672 | D        | Noticed an unseen horror
  2674 | D        | Killed an unseen horror
  2674 | D        | Reached XP level 12. HP: 56/67 MP: 31/31
  2679 | D        | Reached skill level 15 in Spellcasting
  2682 | D        | Reached skill level 15 in Hexes
  2790 | D        | Noticed a fire giant
  2791 | D        | Noticed a fire giant
  2791 | D        | Noticed a fire giant
  2791 | D        | Noticed a fire giant
  2792 | D        | Killed a fire giant
  2792 | D        | Reached skill level 5 in Shields
  2797 | D        | Your ally esc died
  2798 | D        | Killed a fire giant
  2798 | D        | Reached skill level 18 in Stealth
  2799 | D        | Killed a fire giant
  2801 | D        | Killed a fire giant
  2809 | D        | Identified the +4 dragonskin cloak
  2809 | D        | Noticed Tiamat
  2894 | D        | Noticed a deep elf annihilator
  2895 | D        | Noticed a mummy priest
  2902 | D        | Your ally esc died
  2972 | D        | Killed a deep elf annihilator
  3504 | D        | Killed a mummy priest
  3856 | D        | Noticed the 27-headed Lernaean hydra
  3858 | D        | Killed the 27-headed Lernaean hydra
  3858 | D        | Reached skill level 15 in Short Blades
  3858 | D        | Reached skill level 19 in Stealth
  3858 | D        | Reached XP level 13. HP: 73/73 MP: 34/34
  3859 | D        | Noticed a deep elf master archer
  3862 | D        | Your ally esc died
  3938 | D        | Killed a deep elf master archer
  4088 | D        | Learned a level 6 spell: Invisibility
  4091 | D        | Learned a level 2 spell: Swiftness
  4094 | D        | Learned a level 2 spell: Passwall
  4293 | D        | Bought a book of Spatial Translocations for 910 gold pieces
  4296 | D        | Learned a level 2 spell: Blink
  4310 | D        | Bought a scroll of enchant weapon for 97 gold pieces
  4310 | D        | Bought a scroll of enchant armour for 97 gold pieces
  4310 | D        | Bought a scroll of identify for 26 gold pieces
  4310 | D        | Bought a scroll of identify for 26 gold pieces
  4317 | D        | Bought a scroll of enchant armour for 82 gold pieces
  4323 | D        | Bought a scroll of fog for 28 gold pieces
  4510 | D        | Got the Orb of Zot
  4518 | D        | Noticed a cacodemon
  4580 | D        | Escaped with the Orb!

Skill      XL: |  1  2  3  4  5  6  7  8  9 10 11 12 13 |
---------------+----------------------------------------+-----
Fighting       | 2 4 5 6 7 8 9 10 12 | 12.1
Spellcasting   | 4 6 7 8 9 10 11 12 13 14 16 | 16.6
Hexes          | 5 7 8 9 10 11 12 13 14 16 | 16.5
Short Blades   | 3 4 6 7 9 10 12 13 15 | 15.3
Dodging        | 5 7 9 11 13 14 16 17 18 | 18.1
Stealth        | 7 9 11 12 14 15 17 19 | 19.4
Invocations    | 3 6 9 |  9.7
Shields        | 1 4 6 7 |  7.0

Action                   |  1- 3 |  4- 6 |  7- 9 | 10-12 | 13-15 || total
-------------------------+-------+-------+-------+-------+-------++-------
Melee: Unarmed           |    18 |       |       |       |       ||    18
       Dagger            |     2 |     6 |    19 |   111 |     1 ||   139
 Fire: Blowgun           |       |       |       |     4 |       ||     4
 Cast: Ensorcelled Hiber |       |     3 |     8 |    34 |       ||    45
       Dazzling Spray    |       |     1 |     4 |    40 |     3 ||    48
       Corona            |       |       |     1 |     3 |       ||     4
       Confuse           |       |       |     1 |    21 |     8 ||    30
       Petrify           |       |       |       |     9 |       ||     9
       Yara's Violent Un |       |       |       |     5 |       ||     5
       Blink             |       |       |       |       |    11 ||    11
       Invisibility      |       |       |       |       |     1 ||     1
Invok: Shadow Step       |       |       |       |     6 |       ||     6
  Use: Scroll            |       |       |       |     7 |     6 ||    13
       Potion            |       |       |       |     1 |     1 ||     2
 Stab: Sleeping          |     2 |     5 |     7 |    48 |       ||    62
       Invisible         |       |     1 |     2 |     7 |       ||    10
       Confused          |       |       |       |     6 |     1 ||     7
  Eat: Ration            |       |       |       |     1 |       ||     1
Armor: Skin              |     1 |       |       |       |       ||     1
       Robe              |       |       |       |     1 |       ||     1
Dodge: Dodged            |     6 |     2 |    21 |    78 |    10 ||   117
Block: Buckler           |       |       |       |     7 |     3 ||    10
